IL
LAS VEGAS 51S @ EL PASO CHIHUAHUAS
06/20/2048
 
TOP OF THE 1ST
Las Vegas 51s batting - Pitching for El Paso Chihuahuas : LHP Jim Turan
Pitching: LHP Jim Turan
Batting: SHB Jason Larson 0-0: Ball
1-0: Foul Ball, location: 2F
1-1: Ground out 6-3 (Groundball, 56D, EV 96.9 MPH)
Batting: RHB Zhao-ying Joe 0-0: Ball
1-0: Ball
2-0: Ball
3-0: Called Strike
3-1: Called Strike
3-2: Base on Balls
Batting: RHB Josh Jones 0-0: Ball
1-0: Ball
2-0: Ball
Zhao-ying Joe is caught stealing 2nd base 2-4
3-0: Called Strike
3-1: Ground out 4-3 (Groundball, 4S, EV 69.4 MPH)
Top of the 1st over - 0 runs, 0 hits, 0 errors, 0 left on base; Las Vegas 0 - El Paso 0
BOTTOM OF THE 1ST
El Paso Chihuahuas batting - Pitching for Las Vegas 51s : RHP Zhao-ying Joe
Pitching: RHP Zhao-ying Joe
Batting: LHB Angel Mejia 0-0: Ball
1-0: Called Strike
1-1: Foul Ball, location: 2F
1-2: SINGLE (Line Drive, 7S, EV 109.4 MPH)
Batting: RHB Roberto Lemus 0-0: Ball
1-0: Ball
2-0: Fly out, F9 (Flyball, 89XD, EV 110.6 MPH)
Runner from 1st tags up, SAFE at 2nd
Batting: SHB Adam Martin 0-0: Ball
1-0: Swinging Strike
1-1: Ball
2-1: Foul Ball, location: 2F
2-2: SINGLE (Groundball, 34D, EV 97.5 MPH)
Angel Mejia to third
Runner from 3rd tries for Home, throw by RF and OUT! 9-2
Adam Martin to second
Batting: RHB Jose Morrissey 0-0: Foul Ball, location: 2F
0-1: Ball
1-1: Ball
2-1: Ball
3-1: Ground out 6-3 (Groundball, 6, EV 83.1 MPH)
Bottom of the 1st over - 0 runs, 2 hits, 0 errors, 1 left on base; Las Vegas 0 - El Paso 0
TOP OF THE 2ND
Las Vegas 51s batting - Pitching for El Paso Chihuahuas : LHP Jim Turan
Batting: SHB Harrison Feist 0-0: Foul Ball, location: 2F
0-1: Fly out, F8 (Flyball, 8RD, EV 80.0 MPH)
Batting: LHB Bill Armijo 0-0: Ball
1-0: Foul Ball, location: 2F
1-1: SOLO HOME RUN (Flyball, 7D, EV 95.0 MPH), Distance : 389 ft
Batting: SHB Nelson Powell 0-0: Called Strike
0-1: Swinging Strike
0-2: Ball
1-2: Strikes out swinging
Batting: RHB Devine Adams 0-0: Ball
1-0: Foul Ball, location: 2F
1-1: Foul Ball, location: 2F
1-2: Foul Ball, location: 2F
1-2: Strikes out swinging
Top of the 2nd over - 1 run, 1 hit, 0 errors, 0 left on base; Las Vegas 1 - El Paso 0
BOTTOM OF THE 2ND
El Paso Chihuahuas batting - Pitching for Las Vegas 51s : RHP Zhao-ying Joe
Batting: RHB Chase Briney 0-0: Reached on error, E1 (Groundball, 25, EV 68.8 MPH)
Batting: RHB Eric Sandell 0-0: Ball
1-0: Ball
2-0: Ball
Wild Pitch!
Chase Briney to third
3-0: Called Strike
3-1: Base on Balls
Batting: LHB Anthony Mosley 0-0: Swinging Strike
0-1: Foul Ball, location: 2F
0-2: Foul Ball, location: 2F
0-2: Ball
1-2: Foul Ball, location: 2F
1-2: Ball
2-2: Ball
3-2: Base on Balls
Eric Sandell to second
Batting: RHB Kiril Emeshin 0-0: Ball
1-0: Ball
Wild Pitch!
Chase Briney scores
Eric Sandell to third
Anthony Mosley to second
2-0: Ball
3-0: Called Strike
3-1: Base on Balls
Batting: RHB Matt Fabre 0-0: Foul Ball, location: 2F
0-1: Ball
1-1: Ball
2-1: SINGLE (Line Drive, 34, EV 96.9 MPH)
Eric Sandell scores
Anthony Mosley to third
Kiril Emeshin to second
Batting: LHB Angel Mejia 0-0: Ball
1-0: Called Strike
1-1: Ball
2-1: Grounds into fielders choice 1-2 (Groundball, 13, EV 71.9 MPH)
Kiril Emeshin to third
Matt Fabre to second
Batting: RHB Roberto Lemus 0-0: Called Strike
0-1: Ball
1-1: Ball
2-1: Fly out, F8 (Flyball, 8RXD, EV 104.4 MPH)
Runner from 3rd tags up, SCORES, no throw by CF
Matt Fabre to third
Batting: SHB Adam Martin 0-0: Swinging Strike
0-1: Called Strike
0-2: Ball
1-2: Ball
2-2: Foul Ball, location: 2F
2-2: Foul Ball, location: 2F
2-2: Strikes out swinging
Bottom of the 2nd over - 3 runs, 1 hit, 1 error, 2 left on base; Las Vegas 1 - El Paso 3
TOP OF THE 3RD
Las Vegas 51s batting - Pitching for El Paso Chihuahuas : LHP Jim Turan
Batting: LHB Jose Chavez 0-0: Ball
1-0: Ball
2-0: Ground out U3 (Groundball, 3, EV 103.1 MPH)
Batting: RHB Alex Vasquez 0-0: Ball
1-0: Ball
2-0: Ball
3-0: Called Strike
3-1: Foul Ball, location: 2F
3-2: Base on Balls
Batting: SHB Jason Larson 0-0: Fly out, F7 (Line Drive, 7, EV 94.4 MPH)
Batting: RHB Zhao-ying Joe 0-0: Ball
1-0: Called Strike
1-1: Fielders Choice at 2nd, 6-4 (Groundball, 6, EV 87.5 MPH)
Top of the 3rd over - 0 runs, 0 hits, 0 errors, 1 left on base; Las Vegas 1 - El Paso 3
BOTTOM OF THE 3RD
El Paso Chihuahuas batting - Pitching for Las Vegas 51s : RHP Zhao-ying Joe
Batting: RHB Jose Morrissey 0-0: Ball
1-0: Called Strike
1-1: Ball
2-1: Ball
3-1: SINGLE (Groundball, 6M, EV 105.6 MPH) (infield hit)
Batting: RHB Chase Briney 0-0: Called Strike
0-1: Ball
1-1: Ball
2-1: Ball
3-1: Base on Balls
Jose Morrissey to second
Batting: RHB Eric Sandell 0-0: Ball
1-0: Foul Ball, location: 2F
1-1: Ball
2-1: Called Strike
2-2: Ball
3-2: Foul Ball, location: 2F
3-2: Foul Ball, location: 2F
3-2: Strikes out swinging
Batting: LHB Anthony Mosley 0-0: Ball
1-0: Swinging Strike
1-1: Ball
2-1: Ball
3-1: DOUBLE (Line Drive, 89D, EV 109.4 MPH)
Jose Morrissey scores
Chase Briney to third
Batting: RHB Kiril Emeshin 0-0: Ball
1-0: Ground out 6-3 (Groundball, 6, EV 84.4 MPH)
Chase Briney scores
Batting: RHB Matt Fabre 0-0: Called Strike
0-1: Fly out, F9 (Flyball, 89D, EV 91.2 MPH)
Bottom of the 3rd over - 2 runs, 2 hits, 0 errors, 1 left on base; Las Vegas 1 - El Paso 5
TOP OF THE 4TH
Las Vegas 51s batting - Pitching for El Paso Chihuahuas : LHP Jim Turan
Batting: RHB Josh Jones 0-0: Foul Ball, location: 2F
0-1: Swinging Strike
0-2: Ball
1-2: Ball
2-2: Strikes out swinging
Batting: SHB Harrison Feist 0-0: Ball
1-0: Foul Ball, location: 2F
1-1: SINGLE (Groundball, 3D, EV 101.9 MPH)
Batting: LHB Bill Armijo 0-0: Ball
1-0: Ball
2-0: Fielders Choice at 2nd, 5-6 (Groundball, 56, EV 100.6 MPH)
Batting: SHB Nelson Powell 0-0: Ball
1-0: Ground out 5-3 (Groundball, 56S, EV 90.6 MPH)
Top of the 4th over - 0 runs, 1 hit, 0 errors, 1 left on base; Las Vegas 1 - El Paso 5
BOTTOM OF THE 4TH
El Paso Chihuahuas batting - Pitching for Las Vegas 51s : RHP Zhao-ying Joe
Batting: LHB Angel Mejia 0-0: Ball
1-0: Foul Ball, location: 2F
1-1: Ball
2-1: DOUBLE (Flyball, 8LXD, EV 104.4 MPH)
Pitching: RHP Brian Wood
Batting: RHB Roberto Lemus 0-0: SINGLE (Groundball, 25, EV 76.2 MPH) (infield hit)
Angel Mejia to third
Batting: SHB Adam Martin 0-0: Called Strike
0-1: Swinging Strike
0-2: Ball
1-2: Ball
2-2: Foul Ball, location: 2F
2-2: Foul Ball, location: 2F
2-2: Ball
3-2: Foul Ball, location: 2F
3-2: Base on Balls
Roberto Lemus to second
Batting: RHB Jose Morrissey 0-0: Called Strike
0-1: Swinging Strike
0-2: Strikes out looking
Batting: RHB Chase Briney 0-0: Called Strike
0-1: Called Strike
0-2: Hit by Pitch
Angel Mejia scores
Roberto Lemus to third
Adam Martin to second
Batting: RHB Eric Sandell 0-0: Called Strike
0-1: Ball
1-1: Swinging Strike
1-2: Ball
2-2: Fly out, F7 (Line Drive, 7S, EV 105.6 MPH)
Runner from 3rd tags up, OUT at HOME! 7-2
Bottom of the 4th over - 1 run, 2 hits, 0 errors, 2 left on base; Las Vegas 1 - El Paso 6
TOP OF THE 5TH
Las Vegas 51s batting - Pitching for El Paso Chihuahuas : LHP Jim Turan
Batting: RHB Devine Adams 0-0: Ball
1-0: Fly out, F8 (Flyball, 8RD, EV 85.0 MPH)
Batting: LHB Jose Chavez 0-0: Ball
1-0: Called Strike
1-1: Ball
2-1: Foul Ball, location: 2F
2-2: SINGLE (Groundball, 6S, EV 65.0 MPH) (infield hit)
Batting: RHB Alex Vasquez 0-0: Called Strike
Jose Chavez steals 2nd, throwing error, E2
Jose Chavez to third
0-1: Fly out, F8 (Flyball, 89M, EV 76.9 MPH)
Runner from 3rd tags up, SCORES, throw by CF
Batting: SHB Jason Larson 0-0: Ball
1-0: Ball
2-0: Foul Ball, location: 2F
2-1: Ball
3-1: Ground out 5-3 (Groundball, 56S, EV 85.6 MPH)
Top of the 5th over - 1 run, 1 hit, 1 error, 0 left on base; Las Vegas 2 - El Paso 6
BOTTOM OF THE 5TH
El Paso Chihuahuas batting - Pitching for Las Vegas 51s : RHP Brian Wood
Now in LF: Darwin Mills
Batting: LHB Anthony Mosley 0-0: Called Strike
0-1: Foul Ball, location: 2F
0-2: Ball
1-2: Ball
2-2: Ground out 4-3 (Groundball, 4, EV 86.9 MPH)
Batting: RHB Kiril Emeshin 0-0: Called Strike
0-1: Ball
1-1: Ball
2-1: Ball
3-1: Base on Balls
Batting: RHB Matt Fabre 0-0: Foul Ball, location: 2F
0-1: Swinging Strike
0-2: Foul Ball, location: 2F
0-2: Strikes out swinging
Batting: LHB Angel Mejia Pickoff Play to 1st, Runner tries for 2nd, OUT after rundown.
Bottom of the 5th over - 0 runs, 0 hits, 0 errors, 0 left on base; Las Vegas 2 - El Paso 6
TOP OF THE 6TH
Las Vegas 51s batting - Pitching for El Paso Chihuahuas : LHP Jim Turan
Batting: RHB Zhao-ying Joe 0-0: Called Strike
0-1: Ball
1-1: Called Strike
1-2: Foul Ball, location: 2F
1-2: SINGLE (Groundball, 5S, EV 65.0 MPH) (infield hit)
Batting: RHB Josh Jones 0-0: Called Strike
0-1: Swinging Strike
0-2: Strikes out looking
Batting: SHB Harrison Feist 0-0: Called Strike
0-1: Ball
1-1: Called Strike
Zhao-ying Joe steals 2nd base
1-2: Strikes out swinging
Batting: RHB Darwin Mills 0-0: Ball
1-0: Foul Ball, location: 2F
1-1: Ball
2-1: Foul Ball, location: 2F
2-2: Ground out U3 (Groundball, 3, EV 100.6 MPH)
Top of the 6th over - 0 runs, 1 hit, 0 errors, 1 left on base; Las Vegas 2 - El Paso 6
BOTTOM OF THE 6TH
El Paso Chihuahuas batting - Pitching for Las Vegas 51s : RHP Brian Wood
Batting: LHB Angel Mejia 0-0: Ground out U3 (Groundball, 34, EV 105.0 MPH)
Batting: RHB Roberto Lemus 0-0: Ball
1-0: Ball
2-0: Ball
3-0: Called Strike
3-1: Fly out, F2 (Popup, 3SF, EV 78.1 MPH)
Batting: SHB Adam Martin 0-0: Called Strike
0-1: Ball
1-1: Foul Ball, location: 2F
1-2: Strikes out swinging
Bottom of the 6th over - 0 runs, 0 hits, 0 errors, 0 left on base; Las Vegas 2 - El Paso 6
TOP OF THE 7TH
Las Vegas 51s batting - Pitching for El Paso Chihuahuas : LHP Jim Turan
Batting: SHB Nelson Powell 0-0: Ball
1-0: Ground out 5-3 (Groundball, 25, EV 88.8 MPH)
Batting: RHB Devine Adams 0-0: Foul Ball, location: 2F
0-1: Swinging Strike
0-2: Ball
1-2: SOLO HOME RUN (Flyball, 78XD, EV 103.1 MPH), Distance : 433 ft
Batting: LHB Jose Chavez 0-0: Ball
1-0: Fly out, F4 (Popup, 34D, EV 66.2 MPH)
Batting: RHB Alex Vasquez 0-0: Called Strike
0-1: Ball
1-1: Ball
2-1: Ball
3-1: Base on Balls
Batting: SHB Jason Larson 0-0: Fly out, F9 (Flyball, 9LD, EV 88.8 MPH)
Top of the 7th over - 1 run, 1 hit, 0 errors, 1 left on base; Las Vegas 3 - El Paso 6
BOTTOM OF THE 7TH
El Paso Chihuahuas batting - Pitching for Las Vegas 51s : RHP Brian Wood
Pitching: LHP Jimmy Rush
Batting: RHB Jose Morrissey 0-0: Swinging Strike
0-1: Swinging Strike
0-2: Ball
1-2: Ball
2-2: Fly out, F9 (Line Drive, 9D, EV 93.1 MPH)
Batting: RHB Chase Briney 0-0: Ball
1-0: Foul Ball, location: 2F
1-1: Foul Ball, location: 2F
1-2: Ground out 6-3 (Groundball, 6, EV 81.2 MPH)
Batting: RHB Eric Sandell 0-0: Ball
1-0: Called Strike
1-1: Called Strike
1-2: Ball
2-2: Ball
3-2: Base on Balls
Batting: LHB Anthony Mosley 0-0: Ball
1-0: Fly out, F9 (Flyball, 89S, EV 84.4 MPH)
Bottom of the 7th over - 0 runs, 0 hits, 0 errors, 1 left on base; Las Vegas 3 - El Paso 6
TOP OF THE 8TH
Las Vegas 51s batting - Pitching for El Paso Chihuahuas : LHP Jim Turan
Batting: RHB Zhao-ying Joe 0-0: Called Strike
0-1: Ball
1-1: SINGLE (Groundball, 6MD, EV 108.8 MPH) (infield hit)
Pitching: RHP Carlos Sepulveda
Batting: RHB Josh Jones 0-0: Foul Ball, location: 2F
0-1: Swinging Strike
0-2: Grounds into double play, 5-4-3 (Groundball, 5, EV 85.6 MPH)
Batting: SHB Harrison Feist 0-0: Ball
1-0: Called Strike
1-1: Foul Ball, location: 2F
1-2: Ball
2-2: Ground out U3 (Groundball, 34, EV 104.4 MPH)
Top of the 8th over - 0 runs, 1 hit, 0 errors, 0 left on base; Las Vegas 3 - El Paso 6
BOTTOM OF THE 8TH
El Paso Chihuahuas batting - Pitching for Las Vegas 51s : LHP Jimmy Rush
Batting: RHB Kiril Emeshin 0-0: Called Strike
0-1: Reached on error, E3 (Groundball, 34S, EV 83.1 MPH)
Batting: RHB Matt Fabre 0-0: Ball
1-0: Called Strike
1-1: Ball
2-1: Ball
3-1: Swinging Strike
3-2: Strikes out looking
Batting: LHB Angel Mejia 0-0: Called Strike
0-1: Ball
1-1: Ball
2-1: Fly out, F8 (Flyball, 8LS, EV 87.5 MPH)
Batting: RHB Roberto Lemus 0-0: Ball
1-0: Ball
2-0: Fielders Choice at 2nd, 5-4 (Groundball, 56, EV 105.0 MPH)
Bottom of the 8th over - 0 runs, 0 hits, 1 error, 1 left on base; Las Vegas 3 - El Paso 6
TOP OF THE 9TH
Las Vegas 51s batting - Pitching for El Paso Chihuahuas : RHP Carlos Sepulveda
Pitching: RHP Ching Ge
Batting: RHB Darwin Mills 0-0: Ball
1-0: Called Strike
1-1: Ground out 4-3 (Groundball, 4, EV 106.9 MPH)
Batting: SHB Nelson Powell 0-0: Foul Ball, location: 2F
0-1: SINGLE (Groundball, 6D, EV 103.8 MPH)
Batting: RHB Devine Adams 0-0: Ball
1-0: Swinging Strike
1-1: Ball
2-1: Foul Ball, location: 2F
2-2: Ball
3-2: Strikes out looking
Nelson Powell steals 2nd base
Batter strikes out.
Batting: LHB Jose Chavez 0-0: Ball
1-0: Ground out 1-3 (Groundball, 15S, EV 66.9 MPH)
Top of the 9th over - 0 runs, 1 hit, 0 errors, 1 left on base; Las Vegas 3 - El Paso 6
Tuesday, March 28th , 2023 - OOTP Baseball 23.10 Build 110